 Dungeon Crawl Stone Soup version 0.20.1-1-g8b1a95d (webtiles) character file.

1362 Rankstrail the Magician (level 8, -5/37 HPs)
             Began as a Spriggan Venom Mage on Oct 22, 2017.
             Was a Follower of Sif Muna.
             Shot with an arrow by a centaur (15 damage)
             ... on level 7 of the Dungeon.
             The game lasted 00:46:53 (7797 turns).

Rankstrail the Magician (Spriggan Venom Mage)       Turns: 7797, Time: 00:46:53

Health: -5/37      AC:  3    Str:  4    XL:     8   Next: 37%
Magic:  2/20       EV: 19    Int: 21    God:    Sif Muna [*.....]
Gold:   192        SH:  0    Dex: 17    Spells: 10/21 levels left

rFire    . . .     SeeInvis +   k - +1 short sword (protect)
rCold    + . .     Gourm    .   (shield restricted)
rNeg     . . .     Faith    .   a - +1 robe
rPois    .         Spirit   .   l - +0 hat {Int+3}
rElec    .         Reflect  .   (no cloak)
rCorr    .         Harm     .   (gloves unavailable)
MR       +....                  (boots unavailable)
Stlth    +++.......             (no amulet)
Regen    0.2/turn               g - ring of wizardry
MPRegen  0.2/turn               o - ring of protection from cold

@: very slightly contaminated, very quick
A: unfitting armour, see invisible, herbivore 3, speed 3, slow metabolism 2,
inability to use devices
a: Divine Energy, Renounce Religion


You were on level 7 of the Dungeon.
You worshipped Sif Muna.
Sif Muna was aware of your devotion.
You were not hungry.

You visited 1 branch of the dungeon, and saw 7 of its levels.

You collected 192 gold pieces.

Inventory:

Hand Weapons
 i - a +0 dagger
 k - a +1 short sword of protection (weapon)
Missiles
 e - 6 javelins
 n - 13 needles of confusion
 p - 54 poisoned needles
Armour
 a - a +1 robe (worn)
 l - a +0 hat of intelligence (worn)
Jewellery
 g - a ring of wizardry (left hand)
 o - a ring of protection from cold (right hand)
 q - an uncursed amulet of harm {unknown}
 v - an uncursed ring of protection from magic {unknown}
Wands
 h - a wand of disintegration (11/24)
Scrolls
 j - a scroll of fear
 m - 2 scrolls of blinking
 t - a scroll of noise
 u - a scroll of remove curse
 w - a scroll of immolation {unknown}
Potions
 r - a potion of haste {unknown}
 s - a potion of heal wounds {unknown}
Books
 b - a Young Poisoner's Handbook

   Spells                             Type                      Level
   a - Sting                          Conjuration/Poison           1
   b - Poisonous Vapours              Poison/Air                   2
   c - Mephitic Cloud                 Conjuration/Poison/Air       3
   d - Olgreb's Toxic Radiance        Poison                       4
   e - Venom Bolt                     Conjuration/Poison           5
 x - a book of Cantrips

   Spells                             Type                      Level
   a - Confusing Touch                Hexes                        1
   b - Animate Skeleton               Necromancy                   1
   c - Summon Small Mammal            Summoning                    1
   d - Apportation                    Translocation                1
Comestibles
 c - 3 bread rations
 f - 9 fruits


   Skills:
 + Level 0.5 Fighting
 + Level 2.1 Short Blades
 + Level 0.4 Throwing
 + Level 4.0 Dodging
 + Level 4.3 Stealth
 + Level 7.4 Spellcasting
 + Level 2.4 Conjurations
 + Level 2.9 Air Magic
 + Level 6.4 Poison Magic


You had 10 spell levels left.
You knew the following spells:

 Your Spells              Type           Power        Failure   Level  Hunger
a - Sting                 Conj/Pois      ####         1%          1    None
b - Mephitic Cloud        Conj/Pois/Air  ###.....     1%          3    None
c - Poisonous Vapours     Pois/Air       ####..       1%          2    None
d - Venom Bolt            Conj/Pois      ####......   16%         5    #####..


Dungeon Overview and Level Annotations

Branches:
Dungeon (7/15)             Temple (0/1) D:5

Altars:
Ashenzari
Ru
Sif Muna
Zin

Annotations:
D:3 hilaritas's ghost, amateur SpBe


Innate Abilities, Weirdness & Mutations

You are very small and have problems with some larger weapons.
You are too small for most types of armour.
You have supernaturally acute eyesight. (SInv)
You are a herbivore.
You cover ground extremely quickly.
You need consume almost no food.
You cannot study or use magical devices.


Message History

The killer bee is engulfed in noxious fumes.
The killer bee appears confused.
The killer bee stings the bullfrog zombie.
The killer bee is engulfed in noxious fumes.
The centaur shoots an arrow.
The arrow hits you!
* * * LOW HITPOINT WARNING * * *
The killer bee is engulfed in noxious fumes.
The killer bee appears confused.
The killer bee stings the bullfrog zombie.
You see here an arrow.
The killer bee is engulfed in noxious fumes.
The killer bee appears confused.
You kill the killer bee!
Sif Muna accepts your kill.
Blink to where?
Press: ? - help, Dir - move target cursor You are very lightly contaminated with residual magic.
As you read the scroll of blinking, it crumbles to dust.
You feel better.
The centaur shoots an arrow.
The arrow hits you!
You die...

#.#
#[........c....
#.#
#.#####c#######
#.# ##.## #.#
#.####...# #.#
#........# #.#
######...# #.#
##### #.#
########.#
.......@.#
##########


You could see a centaur.

Vanquished Creatures
  4 ogres
  An orc warrior (D:6)
  A sky beast (D:7)
  6 scorpions
  2 killer bees (D:7)
  A jelly (D:5)
  2 orc wizards
  Terence (D:2)
  5 worker ants
  A killer bee zombie (D:5)
  A hound zombie (D:5)
  Robin (D:2)
  7 adders
  A howler monkey skeleton (D:5)
  A shadow imp (D:6)
  A worm (D:3)
  4 leopard geckos
  11 orcs
  2 ball pythons
  6 bats
  3 giant cockroaches
  19 goblins
  10 hobgoblins
  3 jackals (D:2)
  A quokka (D:3)
  5 frilled lizards
  13 kobolds
  7 rats
120 creatures vanquished.

Notes
Turn   | Place    | Note
-------+----------+-------------------------------------------
     0 | D:1      | Rankstrail the Spriggan Venom Mage began the quest for the Orb.
     0 | D:1      | Reached XP level 1. HP: 9/9 MP: 5/5
   243 | D:1      | Reached XP level 2. HP: 13/13 MP: 0/6
   916 | D:1      | Reached XP level 3. HP: 16/16 MP: 5/8
  1348 | D:2      | Noticed Terence
  1354 | D:2      | Learned a level 3 spell: Mephitic Cloud
  1357 | D:2      | Learned a level 2 spell: Poisonous Vapours
  1369 | D:2      | Killed Terence
  1369 | D:2      | Reached skill level 3 in Spellcasting
  1369 | D:2      | Reached skill level 1 in Conjurations
  1432 | D:2      | Reached XP level 4. HP: 13/21 MP: 0/9
  1786 | D:2      | Noticed Robin
  2550 | D:2      | Found a glowing silver altar of Zin.
  2589 | D:2      | Killed Robin
  3010 | D:3      | Noticed hilaritas's ghost (amateur SpBe)
  3054 | D:3      | Found a sacrificial altar of Ru.
  3075 | D:3      | Became a worshipper of Ru the Awakened
  3186 | D:3      | Reached skill level 1 in Air Magic
  3186 | D:3      | Reached XP level 5. HP: 24/24 MP: 4/11
  3829 | D:2      | You fall through a shaft for 2 floors!
  4190 | D:4      | Gained mutation: You cannot study or use magical devices. [Ru sacrifice]
  4190 | D:4      | Reached * piety under Ru
  4190 | D:4      | Reached ** piety under Ru
  4278 | D:4      | Found a shattered altar of Ashenzari.
  4279 | D:4      | Found a deep blue altar of Sif Muna.
  4298 | D:4      | Fell from the grace of Ru
  4298 | D:4      | Became a worshipper of Sif Muna the Loreminder
  4515 | D:4      | Reached skill level 4 in Spellcasting
  4595 | D:4      | Reached skill level 1 in Short Blades
  4595 | D:4      | Reached XP level 6. HP: 24/28 MP: 6/13
  4628 | D:4      | Learned a level 5 spell: Venom Bolt
  4786 | D:4      | Reached skill level 5 in Poison Magic
  5036 | D:5      | Entered Level 5 of the Dungeon
  5040 | D:5      | Reached skill level 5 in Spellcasting
  5045 | D:5      | Reached XP level 7. HP: 32/32 MP: 1/16
  5221 | D:5      | Reached skill level 6 in Spellcasting
  5669 | D:5      | Found a staircase to the Ecumenical Temple.
  5732 | D:5      | Reached * piety under Sif Muna
  6431 | D:5      | HP: 1/32 [phantom (6)]
  7388 | D:6      | Reached skill level 7 in Spellcasting
  7388 | D:6      | Reached XP level 8. HP: 31/36 MP: 4/19
  7797 | D:7      | Shot with an arrow by a centaur

Skill      XL: |  1  2  3  4  5  6  7  8 |
---------------+-------------------------+-----
Poison Magic   | 4 5 6 |  6.4
Spellcasting   | 3 4 5 7 |  7.4
Conjurations   | 1 2 |  2.4
Air Magic      | 1 2 |  2.9
Short Blades   | 1 2 |  2.1
Stealth        | 4 |  4.3
Dodging        | 4 |  4.0
Fighting       | |  0.5
Throwing       | |  0.4

Action                   |  1- 3 |  4- 6 |  7- 9 || total
-------------------------+-------+-------+-------++-------
Melee: Dagger            |     3 |       |       ||     3
       Unarmed           |     3 |       |       ||     3
       Short sword       |    10 |    42 |    34 ||    86
Throw: Tomahawk          |       |     2 |     1 ||     3
 Cast: Sting             |    62 |    47 |    33 ||   142
       Poisonous Vapours |     2 |    37 |    21 ||    60
       Mephitic Cloud    |     1 |     3 |    10 ||    14
       Venom Bolt        |       |     2 |    18 ||    20
Invok: Sacrifice Artific |       |     1 |       ||     1
       Divine Energy     |       |       |     1 ||     1
       Stop Divine Energ |       |       |     1 ||     1
  Use: Scroll            |     5 |     5 |     7 ||    17
       Potion            |     1 |     5 |     6 ||    12
  Eat: Bread ration      |       |     1 |     1 ||     2
Armor: Robe              |     9 |     9 |     4 ||    22
Dodge: Dodged            |    50 |    29 |    40 ||   119
